cohdb
Replays
Latest Replays
All Replays
Popular Replays
Top Player Replays
Match Explorer
How It Works
Community
CoH3 Stats
Reddit
Sign in to upload your games and track your stats! →
Sign in with Steam
Match 41892854
Unlisted
Match 41892854
Overview
Messages
Build Orders
End
Construct Infanterie Kompanie
Grenadier Squad
Grenadier Squad
Sniper
Construct Panzergrenadier Kompanie
MG 42 Machine Gun Team
Panzergrenadier Squad
Medical Station
Medical Bunker
Pak 40 Anti-tank Gun Team
Construct Panzer Kompanie
Pioneer Squad
251 Medium Carrier
Panzer IV Medium Tank
Stoßtruppen Squad
Selects Terror Battlegroup
Selects Machine Gun Camouflage
Selects Defend the Fatherland
Selects King Tiger Heavy Tank
King Tiger Heavy Tank
Stoßtruppen Squad
Selects Contempt for the Weak
Selects Propaganda Leaflet Drop
Grenadier Squad
Propaganda Leaflet Drop
Pioneer Squad
251 Medium Carrier
Propaganda Leaflet Drop
251 Medium Carrier
Pak 40 Anti-tank Gun Team
AI Takeover
Shamtu™ ☆☆ Bimberek
wtflolyo
xaiex
kex1710
Spriggan
gUi
0
0
Comments
sign in to comment!
No comments posted yet!